 Dungeon Crawl Stone Soup version 0.29.0-4-gdea44cf6ec (webtiles) character file.

Game seed: 4906735112798913986

186 gelatine the Skirmisher (level 5, 0/43 HPs)
             Began as a Gnoll Hunter on Aug 28, 2022.
             Killed by divine providence
             ... invoked by an orc priest
              (10 damage)
             ... on level 3 of the Dungeon.
             The game lasted 00:05:22 (2252 turns).

gelatine the Skirmisher (Gnoll Hunter)              Turns: 2252, Time: 00:05:22

Health: 0/43       AC:  4    Str: 10    XL:     5   Next: 65%
Magic:  7/7        EV: 14    Int:  9    God:
Gold:   116        SH:  0    Dex: 17    Spells: 7/7 levels left

rFire   . . .      SeeInvis .   a - +0 shortbow
rCold   . . .      Faith    .   (shield currently unavailable)
rNeg    . . .      Spirit   .   c - +0 leather armour
rPois   .          Reflect  .   (no helmet)
rElec   .          Harm     .   (no cloak)
rCorr   .          Rampage  .   i - +0 pair of gloves
Will    .....                   (no boots)
Stlth   ++........              (no amulet)
HPRegen 0.14/turn               (no ring)
MPRegen 0.10/turn               (no ring)

@: no status effects
A: fangs 1, strong nose, distributed training
a: no special abilities


You were on level 3 of the Dungeon.
You visited 1 branch of the dungeon, and saw 3 of its levels.

You collected 116 gold pieces.

Inventory:

Hand Weapons
 a - a +0 shortbow (weapon)
 j - a +2 short sword of freezing
Missiles
 d - 6 poisoned darts
Armour
 c - a +0 leather armour (worn)
 f - a +0 ring mail
 i - a +0 pair of gloves (worn)
Scrolls
 b - a scroll of immolation
 e - a scroll of poison {unknown}
 g - 2 scrolls of identify
 h - a scroll of enchant weapon {unknown}
 k - a scroll of magic mapping


   Skills:
 + Level 4.8 Fighting
 + Level 1.6 Short Blades
 + Level 1.6 Long Blades
 + Level 1.6 Axes
 + Level 1.6 Maces & Flails
 + Level 1.6 Polearms
 + Level 1.6 Staves
 + Level 8.7 Ranged Weapons
 + Level 1.6 Throwing
 + Level 1.6 Armour
 + Level 4.8 Dodging
 + Level 2.9 Stealth
 + Level 1.6 Shields
 + Level 1.6 Unarmed Combat
 + Level 1.6 Spellcasting
 + Level 1.3 Conjurations
 + Level 1.3 Hexes
 + Level 1.3 Summonings
 + Level 1.3 Necromancy
 + Level 1.3 Translocations
 + Level 1.3 Transmutations
 + Level 1.3 Fire Magic
 + Level 1.3 Ice Magic
 + Level 1.3 Air Magic
 + Level 1.3 Earth Magic
 + Level 1.3 Poison Magic
 + Level 1.9 Invocations
 + Level 1.6 Evocations


You had 7 spell levels left.
You didn't know any spells.
Your spell library contained the following spells:

 Spells                   Type           Power      Damage    Failure   Level
 Beastly Appendage        Tmut           6%         N/A       26%         1
 Wereblood                Tmut           3%         N/A       36%         2
 Spider Form              Tmut/Pois      3%         N/A       61%         3


Dungeon Overview and Level Annotations

Branches:
Dungeon (3/15)

Altars:
Makhleb

Shops:
D:3 [


Innate Abilities, Weirdness & Mutations

You have very sharp teeth.
Your uncanny sense of smell can sniff out nearby items.
Your experience applies equally to all skills.


Message History

You shoot an arrow. The arrow barely misses the orc priest.
The orc priest hits you with a +0 falchion.
Fire: a) +0 shortbow
Press: ? - help, Q - select action, (/) - cycle Shift-Dir - straight line, f/p - orc priest
Aim: an orc priest, wielding a +0 falchion and wearing a +0 scale mail (69% to hit)
You shoot an arrow. The arrow hits the orc priest.
The orc priest is lightly wounded.
The orc priest hits you with a +0 falchion.
* * * LOW HITPOINT WARNING * * *
You aren't carrying any potions.
As you read the scroll labelled ISIFE LEEDDAR, it crumbles to dust.
It is a scroll of identify.
k - a scroll of magic mapping The orc priest closely misses you.
Fire: a) +0 shortbow
Press: ? - help, Q - select action, (/) - cycle Shift-Dir - straight line, f/p - orc priest
Aim: an orc priest, wielding a +0 falchion and wearing a +0 scale mail (69% to hit)
You shoot an arrow.
The arrow closely misses the orc priest.
The orc priest misses you.
Fire: a) +0 shortbow
Press: ? - help, Q - select action, (/) - cycle Shift-Dir - straight line, f/p - orc priest
Aim: an orc priest, wielding a +0 falchion and wearing a +0 scale mail (69% to hit)
You shoot an arrow.
The arrow hits the orc priest but does no damage.
The orc priest barely misses you.
Fire: a) +0 shortbow
Press: ? - help, Q - select action, (/) - cycle Shift-Dir - straight line, f/p - orc priest
Aim: an orc priest, wielding a +0 falchion and wearing a +0 scale mail (69% to hit)
You shoot an arrow. The arrow hits the orc priest.
The orc priest is moderately wounded.
The orc priest closely misses you.
Fire: a) +0 shortbow
Press: ? - help, Q - select action, (/) - cycle Shift-Dir - straight line, f/p - orc priest
Aim: an orc priest, wielding a +0 falchion and wearing a +0 scale mail (moderately wounded, 69% to hit)
You shoot an arrow. The arrow hits the orc priest!
The orc priest is almost dead.
The orc priest invokes the aid of Beogh against you.
Beogh smites you!
You die...

.#..[#. .............
..#.#.. #.#+#....#.#
...∩... ###.# #..###.#
..#)#.. #...# #...#...
#..)#. ....# #.....##
.....###..# ##..#### #
#.)....# #..# #
....####o...†#._.#..# #
#!..@.##..#...#..#
.....######..##.##..####
.## #...#.#.......
#...#.#...####
#...#.#...# ###.#'#.###
#.....# #######


You could see an orc priest.

Vanquished Creatures
  2 orc priests (D:3)
  An orc wizard (D:3)
  A gnoll (D:1)
  3 adders
  A worm (D:2)
  A dart slug (D:2)
  5 orcs (D:3)
  4 ball pythons
  5 bats
  7 endoplasms
  2 giant cockroaches (D:2)
  5 hobgoblins
  3 kobolds
  2 quokkas
  3 frilled lizards
  8 goblins
  2 rats
55 creatures vanquished.

Notes
Turn   | Place    | Note
-------+----------+-------------------------------------------
     0 | D:1      | gelatine the Gnoll Hunter began the quest for the Orb.
     0 | D:1      | Reached XP level 1. HP: 20/20 MP: 1/1
   131 | D:1      | Reached XP level 2. HP: 26/26 MP: 2/2
   535 | D:1      | Reached XP level 3. HP: 15/31 MP: 2/4
   779 | D:1      | Reached skill level 1 in Invocations
  1161 | D:2      | Reached skill level 1 in Short Blades
  1161 | D:2      | Reached skill level 1 in Long Blades
  1161 | D:2      | Reached skill level 1 in Axes
  1161 | D:2      | Reached skill level 1 in Maces & Flails
  1161 | D:2      | Reached skill level 1 in Polearms
  1161 | D:2      | Reached skill level 1 in Staves
  1161 | D:2      | Reached skill level 1 in Throwing
  1161 | D:2      | Reached skill level 1 in Armour
  1161 | D:2      | Reached skill level 1 in Shields
  1161 | D:2      | Reached skill level 1 in Unarmed Combat
  1161 | D:2      | Reached skill level 1 in Spellcasting
  1161 | D:2      | Reached skill level 1 in Evocations
  1396 | D:2      | Reached XP level 4. HP: 38/38 MP: 5/5
  1719 | D:3      | Reached skill level 1 in Conjurations
  1719 | D:3      | Reached skill level 1 in Hexes
  1719 | D:3      | Reached skill level 1 in Summonings
  1719 | D:3      | Reached skill level 1 in Necromancy
  1719 | D:3      | Reached skill level 1 in Translocations
  1719 | D:3      | Reached skill level 1 in Transmutations
  1719 | D:3      | Reached skill level 1 in Fire Magic
  1719 | D:3      | Reached skill level 1 in Ice Magic
  1719 | D:3      | Reached skill level 1 in Air Magic
  1719 | D:3      | Reached skill level 1 in Earth Magic
  1719 | D:3      | Reached skill level 1 in Poison Magic
  2165 | D:3      | Reached XP level 5. HP: 40/43 MP: 7/7
  2195 | D:3      | Found a burning altar of Makhleb.
  2234 | D:3      | Found Ungar's Armour Emporium.
  2252 | D:3      | Killed from afar by an orc priest

Illustrated notes

Levels and vault maps discovered:
D:1:      spicycebolla_arrival_ecumenical, layout_loops_corners
D:2:      layout_basic, hangedman_abyss_or_decor_stabs
D:3:      layout_rooms, mainiacjoe_overflow_surrounded_room, serial_shops,
          nicolae_shop_advertising_works [nicolae_subvault_shop_adworks]

Skill      XL: |  1  2  3  4 |
---------------+-------------+-----
Invocations    | 1 |  1.9
Short Blades   | 1 |  1.6
Long Blades    | 1 |  1.6
Axes           | 1 |  1.6
Maces & Flails | 1 |  1.6
Polearms       | 1 |  1.6
Staves         | 1 |  1.6
Throwing       | 1 |  1.6
Armour         | 1 |  1.6
Shields        | 1 |  1.6
Unarmed Combat | 1 |  1.6
Spellcasting   | 1 |  1.6
Evocations     | 1 |  1.6
Conjurations   | 1 |  1.3
Hexes          | 1 |  1.3
Summonings     | 1 |  1.3
Necromancy     | 1 |  1.3
Translocations | 1 |  1.3
Transmutations | 1 |  1.3
Fire Magic     | 1 |  1.3
Ice Magic      | 1 |  1.3
Air Magic      | 1 |  1.3
Earth Magic    | 1 |  1.3
Poison Magic   | 1 |  1.3
Fighting       | |  4.8
Ranged Weapons | |  8.7
Dodging        | |  4.8
Stealth        | |  2.9

Action                   |  1- 3 |  4- 6 || total
-------------------------+-------+-------++-------
Melee: Short sword       |       |     5 ||     5
 Fire: Shortbow          |    94 |    53 ||   147
  Use: Potion            |       |     1 ||     1
       Scroll            |       |     1 ||     1
Armor: Leather armour    |     3 |     1 ||     4
Dodge: Dodged            |    14 |    11 ||    25
